 Dungeon Crawl Stone Soup version 0.32-a0-128-g77eb882913 (webtiles) character file.

Game seed: 11215765596113071723

36297 jasper the Thaumaturge (level 13, -6/82 HPs)
             Began as a Tengu Air Elementalist on Feb 7, 2024.
             Was an Elder of Vehumet.
             Mangled by an orc warlord
             ... wielding a +1 battleaxe of flaming
              (11 damage)
             ... on level 1 of the Orcish Mines.
             The game lasted 00:37:41 (22874 turns).

jasper the Thaumaturge (Tengu Air Elementalist)    Turns: 22874, Time: 00:37:42

Health: -6/82      AC: 17    Str: 10    XL:     13   Next: 89%
Magic:  2/28       EV: 19    Int: 20    God:    Vehumet [****..]
Gold:   1173       SH:  0    Dex: 14    Spells: 5/32 levels left

rFire   . . .        S - staff of air
rCold   . . .        (no shield)
rNeg    . . .        C - +0 acid dragon scales
rPois   +            k - +2 hat
rElec   +            Q - +0 cloak
rCorr   +            U - +0 pair of gloves
SInv    .            (boots unavailable)
Will    .....        (no amulet)
Stlth   ++           n - ring of poison resistance
HPRegen 0.33/turn    B - +4 ring of protection
MPRegen 0.21/turn

%: acrobat
@: flying, very slightly contaminated
A: beak, talons 3, evasive flight, acrobatic
a: Renounce Religion


You were on level 1 of the Orcish Mines.
You worshipped Vehumet.
Vehumet was greatly pleased with you.
You visited 4 branches of the dungeon, and saw 21 of its levels.
You also visited: Sewer and Ossuary.

You collected 1173 gold pieces.

Inventory:

Hand Weapons
 h - a +0 spear
 m - a +4 whip of electrocution
 x - a +3 flail of holy wrath
Missiles
 d - 181 stones
 j - 6 curare-tipped darts
 p - 8 boomerangs
Armour
 a - a +0 robe
 k - a +2 hat (worn)
 o - a +0 ring mail
 C - +0 acid dragon scales (worn)
 E - a scarf of invisibility
 J - a +2 ring mail of willpower
 N - a +0 kite shield
 Q - a +0 cloak (worn)
 U - a +0 pair of gloves (worn)
Magical Staves
 c - a staff of death
 r - a staff of earth
 y - a staff of fire
 S - a staff of air (weapon)
Jewellery
 g - a ring of willpower
 n - a ring of poison resistance (left hand)
 s - a ring of ice
 w - the amulet "Roclarch" {Faith rElec rPois rN+++ Int-2}
   (You found it on level 4 of the Dungeon)

   [amulet of faith]

   Faith:     It allows you to gain divine favour quickly.
   Int-2:     It affects your intelligence (-2).
   rElec:     It insulates you from electricity.
   rPois:     It protects you from poison rN+++: It renders you almost immune to
   negative energy.
 B - a +4 ring of protection (right hand)
 H - an amulet of faith
 L - a ring of see invisible
 P - an amulet of guardian spirit
Wands
 e - a wand of polymorph (14)
 t - a wand of flame (23)
 v - a wand of digging (19)
 R - a wand of paralysis (6)
 V - a wand of acid (1)
 X - a wand of iceblast (9)
Scrolls
 f - 7 scrolls of teleportation
 A - 3 scrolls of fog
 F - a scroll of brand weapon
 G - 5 scrolls of identify
 I - 2 scrolls of immolation
 O - a scroll of vulnerability
 W - a scroll of blinking
 Y - a scroll of revelation
Potions
 b - a potion of might
 i - 3 potions of brilliance
 l - 7 potions of cancellation
 q - a potion of ambrosia
 u - 8 potions of enlightenment
 z - 3 potions of haste
 D - 3 potions of mutation
 K - a potion of invisibility
 M - 2 potions of lignification
 T - a potion of resistance {unknown}


   Skills:
 - Level 10.0 Fighting
 - Level 2.3 Maces & Flails
 - Level 10.0 Armour
 - Level 10.0 Dodging
 - Level 2.0 Stealth
 + Level 10.1 Spellcasting
 - Level 10.0 Conjurations
 - Level 10.0 Fire Magic
 - Level 10.0 Air Magic


You had 5 spell levels left.
You knew the following spells:

 Your Spells              Type           Power      Damage    Failure   Level
a - Shock                 Conj/Air       100%       1d9       1%          1
b - Arcjolt               Conj/Air       33%        1d43      1%          5
c - Swiftness             Air            66%        N/A       1%          3
d - Airstrike             Air            33%        2d(5-21)  1%          4
e - Fireball              Conj/Fire      25%        3d11      1%          5
f - Mephitic Cloud        Conj/Alch/Air  53%        N/A       1%          3
g - Conjure Ball Lightni  Conj/Air       33%        3x3d11    7%          6

Your spell library contained the following spells:

 Spells                   Type           Power      Damage    Failure   Level
 Lee's Rapid Deconstruct  Erth           5%         3d6*      54%         5
 Static Discharge         Conj/Air       100%       3-8/arc   1%          2
 Hailstorm                Conj/Ice       30%        3d8       1%          3
 Inner Flame              Hex/Fire       30%        N/A       1%          3
 Stone Arrow              Conj/Erth      60%        3d10      1%          3
 Volatile Blastmotes      Fire/Tloc      60%        2d15      1%          3
 Freeze                   Ice            40%        1d6       2%          1
 Fulminant Prism          Conj/Alch      15%        3d10      3%          4
 Iskenderun's Mystic Bla  Conj/Tloc      30%        2d8       3%          4
 Frozen Ramparts          Ice            20%        1d4       9%          3
 Irradiate                Conj/Alch      15%        3d16      10%         5
 Summon Blazeheart Golem  Fire/Summ      30%        N/A       13%         4
 Ensorcelled Hibernation  Hex/Ice        20%        N/A       16%         2
 Lesser Beckoning         Tloc           20%        N/A       16%         2
 Gell's Gravitas          Tloc           10%        N/A       30%         3
 Passwall                 Erth           10%        N/A       30%         3
 Teleport Other           Tloc           10%        N/A       30%         3
 Silence                  Hex/Air        22%        N/A       34%         5
 Animate Armour           Summ/Erth      20%        N/A       69%         4
 Cause Fear               Hex            5%         N/A       69%         4
 Leda's Liquefaction      Alch/Erth      5%         N/A       69%         4
 Petrify                  Alch/Erth      10%        N/A       69%         4
 Metabolic Englaciation   Hex/Ice        5%         N/A       95%         5
 Orb of Destruction       Conj           25%        9d9       32%         7
 Spellforged Servitor     Conj/Summ      15%        N/A       92%         7
 Ignition                 Fire           25%        3d8       92%         8
 Maxwell's Capacitive Co  Air            33%        ∞         92%         8
 Lehudib's Crystal Spear  Conj/Erth      15%        10d5      100%        8
 Dragon's Call            Summ           5%         N/A       100%        9


Dungeon Overview and Level Annotations

Branches:
Dungeon (15/15)            Temple (1/1) D:4            Lair (4/5) D:8
  Swamp (0/4) Lair:2       Spider (0/4) Lair:3        Slime (0/5) Lair:4
    Orc (1/2) D:12          Sewer (visited)         Ossuary (visited)
 Vaults: D:13-14     Depths: D:15

Altars:
Ashenzari
Cheibriados
Dithmenos
Elyvilon
Fedhas
Gozag
Hepliaklqana
Kikubaaqudgha
Makhleb
Nemelex Xobeh
Okawaru
Qazlal
Ru
Sif Muna
Trog
Uskayaw
Vehumet
Wu Jian
Xom
Yredelemnul
Zin
The Shining One
Jiyva

Shops:
D:1 :

Annotations:
D:2 Sigmund
D:3 2 transporters, Gangsterbeez's ghost, amateur MiFi
Lair:4 3 runed translucent doors, Pomiphy's ghost, journeyman HONe


Innate Abilities, Weirdness & Mutations

You have a beak for a mouth.
You have claws for feet.
Your magical flight helps you evade attacks. (EV +4)
You can magically evade attacks while moving or waiting.


Message History

Casting: Conjure Ball Lightning (dangerous; 7% risk of failure)
Confirm with . or Enter, or press ? or * to list all spells.
Aiming: Mephitic Cloud (safe; 1% risk of failure)
Press: ? - help, Shift-Dir - straight line, f - orc warlord
Aim: an orc warlord, wielding a +1 battleaxe of flaming and wearing a +0 chain mail (heavily wounded, chance to affect: 29%)
You feel a surge of power!
The ball explodes into a vile cloud!
The stinking cloud engulfs the orc warlord.
The orc warlord is heavily wounded.
The orc warlord is engulfed in noxious fumes.
The orc warlord appears confused.
You now have 1/28 mp.
You hit the orc warlord but do no damage.
You claw the orc warlord, but do no damage.
You peck the orc warlord, but do no damage.
The orc warlord is heavily wounded.
The orc warlord misses you.
You hit the orc warlord.
The orc warlord is electrocuted!
You claw the orc warlord, but do no damage.
The orc warlord is severely wounded.
The orc warlord is engulfed in noxious fumes.
You hit the orc warlord.
You claw the orc warlord, but do no damage.
You peck the orc warlord, but do no damage.
You punch the orc warlord.
The orc warlord is severely wounded.
The orc warlord hits you with a +1 battleaxe of flaming!
The orc warlord burns you.
You take 16 damage, and have 27/82 hp.
You hit the orc warlord but do no damage.
The orc warlord is electrocuted.
You claw the orc warlord! Your punch misses the orc warlord.
The orc warlord is severely wounded.
The orc warlord seems less confused.
The orc warlord completely misses you.
You hit the orc warlord but do no damage.
You claw the orc warlord, but do no damage.
The orc warlord is severely wounded.
The orc warlord hits you with a +1 battleaxe of flaming!!
* * * LOW HITPOINT WARNING * * *
The orc warlord burns you!
You die...

## #.## #.#...#
.....# ....#
####..## ###.
##.#....##....
#.............
##.§.§........#
#.@o°§)<>...).#
##.#§§....)....
#####...).[...
##.))[#[#.
...[.....
..........
...........
.....$$.....
#.....##.#...


You could see an orc warlord.

Vanquished Creatures
  Nessos (D:12)
  3 hydras
  A centaur warrior (D:11)
  4 two-headed ogres
  4 boulder beetles
  Nergalle (D:12)
  4 skeletal warriors (D:12)
  An arcanist (D:14)
  Pikel (D:5)
  3 cyclopes
  An ugly thing (D:11)
  4 manticores
  A torpor snail (Lair:1)
  4 black mambas
  13 cane toads
  A gargoyle (D:11)
  Maggie (Lair:1)
  A rime drake (Lair:3)
  2 unseen horrors (D:11)
  5 komodo dragons
  2 tyrant leeches (Lair:2)
  2 trolls
  Grinder (D:5)
  2 hornets
  Prince Ribbit (D:5)
  A slime creature (Lair:4)
  5 blink frogs (Lair:3)
  A shadow (D:11)
  3 wyverns
  11 yaks
  4 basilisks
  A steam dragon (D:7)
  Edmund (D:6)
  A swamp worm (Lair:2)
  6 water moccasins
  4 acid dragons
  12 orc warriors
  2 sky beasts
  2 black bears
  An ice beast (D:7)
  3 ogres
  2 elephant zombies (D:6)
  A centaur (D:7)
  8 wolves
  A phantom (D:4)
  A weeping skull (Ossuary)
  Blork the orc (D:6)
  14 bullfrogs
  4 kobold brigands
  A brain worm (Sewer)
  An elf zombie (D:6)
  6 scorpions
  5 wights (D:10)
  A burial acolyte (Ossuary)
  6 killer bees (D:10)
  4 electric eels
  8 howler monkeys
  4 bombardier beetles
  A centaur zombie (D:6)
  A human zombie (D:6)
  8 hounds
  4 jellies
  6 orc priests
  2 gnoll boudas
  2 iguanas
  8 orc wizards
  3 scorpion zombies (D:6)
  5 hell rats (Lair:2)
  A killer bee zombie (D:6)
  2 hound zombies (D:6)
  5 mummies (Ossuary)
  3 howler monkey zombies (D:6)
  13 gnolls
  11 adders
  3 river rats (Sewer)
  A shadow imp (D:5)
  A white imp (D:8)
  6 ufetubi
  An adder zombie (D:6)
  A dart slug (D:4)
  9 ribbon worms
  33 orcs
  8 ball pythons
  10 endoplasms
  9 giant cockroaches
  2 gnoll zombies (Ossuary)
  6 goblins
  7 hobgoblins
  3 jackals
  26 kobolds
  9 quokkas
  9 bats
  6 frilled lizards
  A goblin zombie (D:6)
  3 kobold zombies (Ossuary)
  3 orc zombies (Ossuary)
  A quokka zombie (D:6)
  7 rats
430 creatures vanquished.

Vanquished Creatures (others)
  23 ball lightnings
23 creatures vanquished.

Grand Total: 453 creatures vanquished

Notes
Turn   | Place    | Note
-------+----------+-------------------------------------------
     0 | D:1      | jasper the Tengu Air Elementalist began the quest for the
                  | Orb.
     0 | D:1      | Reached XP level 1. HP: 10/10 MP: 4/4
    87 | D:1      | Reached XP level 2. HP: 15/15 MP: 0/6
   291 | D:1      | Found Hizyono's Vocational Training.
   346 | D:1      | Learned a level 2 spell: Static Discharge
   589 | D:1      | Reached XP level 3. HP: 19/19 MP: 2/7
  1443 | D:2      | Reached XP level 4. HP: 21/24 MP: 2/9
  1610 | D:2      | Reached skill level 5 in Air Magic
  1819 | D:2      | Noticed Sigmund
  2015 | D:3      | Reached XP level 5. HP: 28/28 MP: 3/10
  2019 | D:3      | Learned a level 3 spell: Swiftness
  2024 | D:3      | Learned a level 4 spell: Airstrike
  2086 | D:3      | Found a transporter.
  2087 | D:3      | Noticed Gangsterbeez's ghost (amateur MiFi)
  2087 | D:3      | Noticed an ogre
  2089 | D:3      | Noticed an ogre
  2090 | D:3      | Noticed an ogre
  2539 | D:3      | Found a shimmering blue altar of Sif Muna.
  3017 | D:3      | Found a transporter.
  3066 | D:4      | Noticed a phantom
  3072 | D:4      | Killed a phantom
  3073 | D:4      | Reached XP level 6. HP: 21/32 MP: 3/12
  3344 | D:4      | Found a shimmering altar of Xom.
  3433 | D:4      | Reached skill level 5 in Conjurations
  3798 | D:4      | Identified the amulet "Roclarch" {Faith rElec rPois rN+++
                  | Int-2}
  3972 | D:4      | Found a staircase to the Ecumenical Temple.
  3981 | Temple   | Entered the Ecumenical Temple
  3987 | Temple   | Became a worshipper of Vehumet
  4110 | D:4      | Gained mutation: Your magical flight helps you evade
                  | attacks. (EV +4) [Tengu growth]
  4110 | D:4      | Reached XP level 7. HP: 36/36 MP: 8/14
  4292 | D:5      | Entered Level 5 of the Dungeon
  4340 | D:5      | Noticed Grinder
  4340 | D:5      | Noticed Pikel
  4428 | D:5      | Killed Pikel
  4429 | D:5      | Reached skill level 10 in Air Magic
  4429 | D:5      | Reached XP level 8. HP: 40/41 MP: 1/15
  4545 | D:5      | Killed Grinder
  4546 | D:5      | Reached skill level 1 in Fighting
  4546 | D:5      | Reached skill level 1 in Armour
  4946 | D:5      | Reached * piety under Vehumet
  4946 | D:5      | Offered knowledge of Freeze by Vehumet.
  4956 | D:5      | Found a glowing drain.
  4966 | Sewer    | Entered a sewer
  5890 | D:5      | Learned a level 5 spell: Fireball
  6083 | D:5      | Noticed Prince Ribbit
  6090 | D:5      | Killed Prince Ribbit
  6091 | D:5      | Reached XP level 9. HP: 37/51 MP: 8/16
  6259 | D:6      | Reached ** piety under Vehumet
  6259 | D:6      | Offered knowledge of Kiss of Death by Vehumet.
  6424 | D:6      | Reached skill level 5 in Dodging
  6494 | D:6      | Found an iron altar of Okawaru.
  6603 | D:6      | Found a sand-covered staircase.
  6613 | Ossuary  | Entered an ossuary
  6894 | D:6      | Noticed Edmund
  6922 | D:6      | Killed Edmund
  6923 | D:6      | Reached skill level 5 in Armour
  7157 | D:6      | Offered knowledge of Mephitic Cloud by Vehumet.
  7171 | D:6      | Reached skill level 5 in Fighting
  7274 | D:6      | Reached *** piety under Vehumet
  7286 | D:6      | Found an ancient bone altar of Kikubaaqudgha.
  7395 | D:6      | Found a sparkling altar of Nemelex Xobeh.
  7535 | D:6      | Noticed Blork the orc
  7543 | D:6      | Killed Blork the orc
  7662 | D:6      | Reached skill level 5 in Spellcasting
  7666 | D:6      | Learned a level 3 spell: Mephitic Cloud
  8295 | D:7      | Reached XP level 10. HP: 59/59 MP: 12/18
  8459 | D:7      | Offered knowledge of Brom's Barrelling Boulder by Vehumet.
  9873 | D:8      | Found a staircase to the Lair.
 10729 | D:9      | Reached **** piety under Vehumet
 11000 | D:9      | Found a white marble altar of Elyvilon.
 11080 | D:9      | Found a hide-covered altar of Uskayaw.
 11262 | D:10     | Entered Level 10 of the Dungeon
 11560 | D:10     | Noticed a two-headed ogre
 11573 | D:10     | Killed a two-headed ogre
 11917 | D:10     | Noticed a two-headed ogre
 11922 | D:10     | Killed a two-headed ogre
 11923 | D:10     | Reached XP level 11. HP: 67/67 MP: 8/19
 11994 | D:10     | Got the Incunabulum of the Storm
 12259 | D:10     | Offered knowledge of Arcjolt by Vehumet.
 12435 | D:11     | Noticed a cyclops
 12435 | D:11     | Noticed a green ugly thing
 12553 | Lair:1   | Entered Level 1 of the Lair of Beasts
 13305 | Lair:1   | Noticed Maggie
 13314 | Lair:1   | Killed Maggie
 13468 | Lair:1   | Learned a level 5 spell: Arcjolt
 13704 | Lair:1   | Noticed a boulder beetle
 13763 | Lair:1   | Killed a boulder beetle
 14074 | Lair:1   | Reached skill level 10 in Dodging
 14403 | Lair:2   | Reached ***** piety under Vehumet
 14403 | Lair:2   | Offered knowledge of Eringya's Noxious Bog by Vehumet.
 14545 | Lair:2   | Reached skill level 10 in Armour
 14622 | Lair:2   | Reached XP level 12. HP: 48/76 MP: 3/22
 14910 | Lair:2   | Found a staircase to the Swamp.
 14934 | Lair:2   | Reached skill level 10 in Fighting
 15152 | Lair:2   | Reached skill level 1 in Fire Magic
 16067 | Lair:3   | Found a hole to the Spider Nest.
 16900 | Lair:3   | Reached skill level 5 in Fire Magic
 17900 | Lair:4   | Offered knowledge of Lee's Rapid Deconstruction by Vehumet.
 17999 | Lair:4   | Found a viscous altar of Jiyva.
 17999 | Lair:4   | Found a staircase to the Slime Pits.
 18005 | Lair:4   | Noticed a six-headed hydra
 18012 | Lair:4   | Killed a six-headed hydra
 18146 | Lair:4   | Noticed a six-headed hydra
 18154 | Lair:4   | Killed a six-headed hydra
 18154 | Lair:4   | Noticed a boulder beetle
 18155 | Lair:4   | Reached skill level 10 in Conjurations
 18210 | Lair:4   | Killed a boulder beetle
 18489 | Lair:4   | Reached XP level 13. HP: 82/82 MP: 10/23
 18687 | Lair:4   | Found a runed translucent gate.
 18687 | Lair:4   | Found a runed translucent gate.
 18687 | Lair:4   | Found a runed translucent gate.
 18689 | Lair:4   | Noticed Pomiphy's ghost (journeyman HONe)
 19647 | D:11     | Reached skill level 10 in Fire Magic
 20729 | D:12     | Learned a level 6 spell: Conjure Ball Lightning
 21188 | D:12     | Found a staircase to the Orcish Mines.
 21188 | D:12     | Noticed Nessos
 21200 | D:12     | Killed Nessos
 21626 | D:12     | Noticed Nergalle
 21650 | D:12     | Killed Nergalle
 21845 | D:12     | Found a broken altar of Ashenzari.
 22071 | D:12     | You are sucked into a shaft and drop 3 floors!
 22071 | D:15     | Entered Level 15 of the Dungeon
 22747 | Orc:1    | Entered Level 1 of the Orcish Mines
 22762 | Orc:1    | Reached skill level 10 in Spellcasting
 22763 | Orc:1    | Noticed an orc warlord
 22874 | Orc:1    | Mangled by an orc warlord

Illustrated notes

Levels and vault maps discovered:
D:1:      dpeg_arrival_snail, layout_basic, nicolae_shop_vocational
D:2:      kennysheep_big_flooded_room, layout_loops_cross, uniq_sigmund
D:3:      layout_loops_cross, nicolae_sif_muna_condensation,
          gammafunk_ghost_smash, minivault_4
D:4:      layout_loops_ring, xom_confusion_cloud,
          minmay_temple_entry_statues_fountains, minmay_circle_x
D:5:      layout_cave_pools, gup_sewer_entry_pipe, uniq_pikel, uniq_grinder,
          uniq_prince_ribbit1
D:6:      layout_loops_cross, nemelex_xobeh_ov_fountains_minmay,
          old_standard_altar, enter_ossuary_4, roadster_capsule_ark_zombie,
          uniq_edmund, uniq_blork_the_orc
D:7:      layout_basic
D:8:      layout_gridville, lair_entry_dummy
D:9:      layout_loops_ring, mainiacjoe_overflow_swirl
D:10:     layout_loops_cross
D:11:     minmay_the_grid_net [minmay_the_grid_aliased_spiral,
          minmay_the_grid_minigrid_small_alt, minmay_the_grid_spikes,
          minmay_the_grid_pillar_ring, minmay_the_grid_medium_cups,
          minmay_the_grid_prize_big_room], layout_loops_corners
D:12:     layout_roguey, david_orc_3, grunt_decor_junction,
          columned_hall_lemuel, nicolae_ashenzari_panopticon, uniq_nergalle,
          uniq_nessos
D:13:     minmay_blocky_corners, layout_long_grid, serial_shops,
          nicolae_shop_hallway_stairs, uniq_frances, uniq_rupert
D:14:     layout_irregular_city, hellmonk_vaults_keyhole, serial_bayou_pond_b
D:15:     grunt_enter_depths_hoard, layout_loops_ring, serial_glass,
          glass_columns_a, glass_columns_c, glass_columns_a, glass_columns_a,
          glass_columns_b, glass_columns_c, uniq_azrael
Temple:   eino_temple_rhombus
Lair:1:   layout_chaotic_city, pdpol_lair_cavern_descent, uniq_maggie
Lair:2:   layout_loops_ring, minmay_swamp_entry_worms
Lair:3:   layout_gridlike, nicolae_spider_entry_non_spiders, beast_lair_carwin_1
Lair:4:   layout_regular_city, minmay_slime_entry_pillars,
          gammafunk_ghost_hydra_chop, nicolae_quartered_pool_medium
Orc:1:    layout_caves, serial_shops, shop, shop, uniq_erolcha

Skill      XL: |  1  2  3  4  5  6  7  8  9 10 11 12 13 |
---------------+----------------------------------------+-----
Conjurations   | 2 3 4 5 10 | 10.0
Air Magic      | 5 6 7 10 | 10.0
Spellcasting   | 3 4 5 6 10 | 10.1
Maces & Flails | 2 |  2.3
Fighting       | 3 5 7 9 10 | 10.0
Armour         | 3 6 8 10 | 10.0
Dodging        | 4 6 8 10 | 10.0
Fire Magic     | 8 10 | 10.0
Stealth        | |  2.0

Action                     |  1- 3 |  4- 6 |  7- 9 | 10-12 | 13-15 || total
---------------------------+-------+-------+-------+-------+-------++-------
  Melee: Spear             |     8 |       |       |       |       ||     8
         Kick              |     3 |     6 |    17 |    56 |    31 ||   113
         Peck              |     1 |     1 |     6 |    30 |    21 ||    59
         Whip              |     1 |    26 |    48 |   146 |    38 ||   259
         Punch             |       |       |     8 |     9 |    10 ||    27
         Staff             |       |       |       |       |    21 ||    21
   Cast: Shock             |    74 |   110 |   201 |   203 |    35 ||   623
         Static Discharge  |     1 |    11 |    38 |    32 |       ||    82
         Airstrike         |       |       |    22 |   134 |    79 ||   235
         Mephitic Cloud    |       |       |       |     4 |     4 ||     8
         Swiftness         |       |       |       |     2 |       ||     2
         Arcjolt           |       |       |       |    38 |    28 ||    66
         Fireball          |       |       |       |     3 |     6 ||     9
         Conjure Ball Ligh |       |       |       |       |     8 ||     8
  Evoke: Wand              |       |       |     1 |     5 |    10 ||    16
    Use: Scroll            |       |     8 |     5 |    12 |     4 ||    29
         Potion            |       |       |     1 |     4 |     9 ||    14
   Stab: Confused          |       |       |       |     3 |       ||     3
         Sleeping          |       |       |       |       |     1 ||     1
 Armour: Robe              |     7 |    31 |    10 |       |       ||    48
         Ring mail         |       |       |    93 |    81 |       ||   174
         Acid dragon scale |       |       |       |   105 |   114 ||   219
  Dodge: Dodged            |    11 |    25 |    94 |   252 |   123 ||   505

Table legend: (Time is in decaauts)
 A = Elapsed time spent in this place.
 B = Non-inter-level travel time spent in this place.
 C = Inter-level travel time spent in this place.
 D = Time resting spent in this place.
 E = Time spent auto-exploring this place.
 F = Levels seen in this place.
 G = Mean time per level.
                   A        B        C        D        E       F      G
               +--------+--------+--------+--------+--------+-----+--------+
         Total |  22877 |  22138 |    739 |   1813 |  17257 |  23 |  994.7 |
       Dungeon |  14908 |  14349 |    559 |   1284 |  10946 |  15 |  993.9 |
        Temple |     12 |      7 |      5 |      0 |      0 |   1 |   12.0 |
          Lair |   6749 |   6575 |    174 |    448 |   5426 |   4 | 1687.2 |
  Orcish Mines |     34 |     34 |      0 |      0 |      4 |   1 |   34.0 |
         Sewer |    916 |    916 |      0 |      0 |    778 |   1 |  916.0 |
       Ossuary |    255 |    255 |      0 |     81 |    103 |   1 |  255.0 |
               +--------+--------+--------+--------+--------+-----+--------+

Top non-repeatable levels by time:
    D:12: 2199 daAuts
  Lair:3: 1897 daAuts
  Lair:1: 1776 daAuts
  Lair:2: 1658 daAuts
     D:6: 1489 daAuts
  Lair:4: 1417 daAuts
     D:4: 1347 daAuts
     D:8: 1320 daAuts
     D:7: 1247 daAuts
    D:10: 1237 daAuts
     D:1: 1178 daAuts
     D:3: 1079 daAuts
     D:5: 940 daAuts
   Sewer: 916 daAuts
     D:2: 782 daAuts
